 Dungeon Crawl Stone Soup version bcrawl-1.23.3-19-gdc5968f444 (webtiles) character file.

Game seed: 16683091666975553116

147 Freyura the Twirler (level 5, 0/40 HPs)
             Began as a Demonspawn Gladiator on June 8, 2020.
             Slain by a sky beast (2 damage)
             ... on level 4 of the Dungeon.
             The game lasted 00:09:44 (3657 turns).

Freyura the Twirler (Demonspawn Gladiator)          Turns: 3657, Time: 00:09:45

Health: 0/40       AC: 10    Str: 14    XL:     5   Next: 7%
Magic:  0/5        EV: 12    Int: 10    God:
Gold:   347        SH:  0    Dex: 15    Spells: 4/4 levels left

rFire    + . .     SeeInvis .   g - -3 spear (curse)
rCold    . . .     Gourm    .   (no shield)
rNeg     . . .     Faith    .   j - +0 ring mail
rPois    .         Spirit   +   c - +1 helmet
rElec    +         Reflect  .   k - scarf {clouds}
rCorr    .         Harm     .   q - +0 pair of gloves (curse)
MR       .....                  (no boots)
Stlth    +.........             (no amulet)
HPRegen  0.13/turn              o - ring of insulation
MPRegen  0.09/turn              t - ring of protection from fire

@: very slow
A: claws 1, yellow scales 1, magic shield
a: Evoke Fog


You were on level 4 of the Dungeon.
You were not hungry.

You visited 1 branch of the dungeon, and saw 4 of its levels.
You also visited: Sewer.

You collected 347 gold pieces.

Inventory:

Hand Weapons
 a - a +1 quarterstaff
 g - a cursed -3 spear (weapon)
Missiles
 d - 3 throwing nets (quivered) {!f}
Armour
 c - a +1 helmet (worn)
 j - a +0 ring mail (worn)
 k - a scarf of clouds (worn)
 q - a cursed +0 pair of gloves (worn)
Jewellery
 o - a ring of insulation (left hand)
 t - a ring of protection from fire (right hand)
Wands
 v - a wand of flame (16)
Scrolls
 i - 2 scrolls of blinking
 p - 2 scrolls of teleportation
 w - a scroll of magic mapping
Potions
 f - 4 potions of lignification
 h - a potion of heal wounds
 l - a potion of berserk rage {unknown}
 m - 3 potions of curing
 n - a potion of haste {unknown}
 r - 3 potions of might
 s - a potion of invisibility {unknown}
 u - 3 potions of flight {unknown}
Comestibles
 e - 6 rations {!d}


   Skills:
 + Level 2.9 Fighting
 * Level 4.0 Staves
 - Level 1.7 Throwing
 + Level 1.6 Armour
 + Level 3.3 Dodging


You had 4 spell levels left.
You didn't know any spells.
Your spell library was empty.

Dungeon Overview and Level Annotations

Branches:
Dungeon (4/12)
 Temple: D:4-7

Altars:


Innate Abilities, Weirdness & Mutations

You have sharp fingernails.
You are partially covered in yellow scales. (AC +2)
When hurt, damage is shared between your health and your magic reserves.


Message History

Your unstable footing causes you to fumble your attack.
The sky beast hits you but does no damage.
Your unstable footing causes you to fumble your attack.
The sky beast flickers out of sight!
Deactivating autopickup; reactivate with Ctrl-A.
Something hits you. Something shocks you. You resist.
* * * LOW HITPOINT WARNING * * *
You miss something. Something hits you. Something shocks you. You resist.
* * * LOW HITPOINT WARNING * * *
Your unstable footing causes you to fumble your attack.
Something hits you.
* * * LOW HITPOINT WARNING * * *
Something shocks you. You resist.
* * * LOW HITPOINT WARNING * * *
You completely miss something. Something hits you.
* * * LOW HITPOINT WARNING * * *
Something shocks you. You resist.
* * * LOW HITPOINT WARNING * * *
You closely miss something. Something hits you.
You die...

.###.....####.....# .#
#........#.###.####
.###.....##...# #....#
.........####.###.##.#
##(....### ##.....##.#
#....[.# #....####.#
#.....## ##.#### #.#
#..#.## ###...######.#####
#....# #.......@{.....?>.
#.#..# ##.#...####.....##.
#.#..###..†#...........#
#......†.#.........##..#
###.####...##.#...........
#.# ##.###########.....
#.# #.# .##. #.# #.# ..
#.# ##.### .


There were no monsters in sight!

Vanquished Creatures
  A worker ant (D:4)
  6 adders
  2 worms
  2 dart slugs
  2 leopard geckos
  3 orcs
  3 bats
  3 giant cockroaches
  4 goblins
  6 hobgoblins
  5 quokkas
  2 ball pythons (Sewer)
  5 frilled lizards
  2 jackal skeletons (D:4)
  9 kobolds
  2 rats (D:3)
57 creatures vanquished.

Notes
Turn   | Place    | Note
-------+----------+-------------------------------------------
     0 | D:1      | Freyura the Demonspawn Gladiator began the quest for the
                  | Orb.
     0 | D:1      | Reached XP level 1. HP: 16/16 MP: 1/1
   204 | D:1      | Gained mutation: When hurt, damage is shared between your
                  | health and your magic reserves. [demonic ancestry]
   204 | D:1      | Reached XP level 2. HP: 3/22 MP: 2/2
   347 | D:1      | Reached skill level 3 in Staves
  1183 | D:2      | Reached XP level 3. HP: 16/28 MP: 1/3
  1482 | D:2      | Reached skill level 1 in Armour
  2377 | D:3      | Found a glowing drain.
  2391 | Sewer    | Entered a sewer
  2500 | Sewer    | Gained mutation: You are partially covered in yellow
                  | scales. (AC +2) [demonic ancestry]
  2500 | Sewer    | Reached XP level 4. HP: 34/34 MP: 4/4
  3556 | D:4      | Reached skill level 4 in Staves
  3556 | D:4      | Gained mutation: You have sharp fingernails. [demonic
                  | ancestry]
  3556 | D:4      | Reached XP level 5. HP: 39/40 MP: 2/5
  3588 | D:4      | Noticed a sky beast
  3656 | D:4      | HP: 2/40 [something (1)]
  3657 | D:4      | Slain by a sky beast

Skill      XL: |  1  2  3  4 |
---------------+-------------+-----
Staves         | 3 4 |  4.0
Dodging        | 3 |  3.3
Armour         | 1 |  1.6
Fighting       | |  2.9
Throwing       | |  1.7

Action                   |  1- 3 |  4- 6 || total
-------------------------+-------+-------++-------
Melee: Spear             |   378 |   248 ||   626
       Quarterstaff      |     6 |       ||     6
  Use: Scroll            |     9 |     2 ||    11
       Potion            |       |     1 ||     1
  Eat: Chunk             |     2 |     1 ||     3
       Ration            |     1 |     1 ||     2
Armor: Leather armour    |    19 |       ||    19
       Ring mail         |    93 |    90 ||   183
Dodge: Dodged            |   185 |   133 ||   318
